 Dungeon Crawl Stone Soup version 0.26-a0-683-g5206c1d7ac (webtiles) character file.

Game seed: 15093102109771932391

2290 reriks the Shield-Bearer (level 9, -7/74 HPs)
             Began as a Gnoll Fighter on Oct 22, 2020.
             Was a Follower of Cheibriados.
             Mangled by Gastronok (26 damage)
             ... on level 8 of the Dungeon.
             The game lasted 00:06:54 (8303 turns).

reriks the Shield-Bearer (Gnoll Fighter)            Turns: 8303, Time: 00:06:55

Health: -7/74      AC: 11    Str: 21    XL:     9   Next: 40%
Magic:  15/15      EV: 12    Int: 16    God:    Cheibriados [*.....]
Gold:   372        SH: 12    Dex: 22    Spells: 16/16 levels left

rFire    . . .     SeeInvis +   a - +1 war axe
rCold    . . .     Faith    .   c - +0 kite shield
rNeg     . . .     Spirit   .   b - +0 scale mail
rPois    .         Reflect  .   y - +0 helmet
rElec    .         Harm     .   v - +1 cloak
rCorr    .         Rampage  .   (no gloves)
MR       .....                  (no boots)
Stlth    ++........             (no amulet)
HPRegen  0.22/turn              o - ring of see invisible
MPRegen  0.14/turn              j - +6 ring of dexterity

@: slowed, very slow
A: distributed training, fangs 1, strong nose
a: Bend Time, Renounce Religion


You were on level 8 of the Dungeon.
You worshipped Cheibriados.
Cheibriados was aware of your devotion.
You visited 1 branch of the dungeon, and saw 8 of its levels.
You also visited: Sewer.

You collected 372 gold pieces.

Inventory:

Hand Weapons
 a - a +1 war axe (weapon)
 n - a +1 dagger of venom
Missiles
 w - 6 boomerangs (quivered)
Armour
 b - a +0 scale mail (worn)
 c - a +0 kite shield (worn)
 i - a +2 cloak
 v - a +1 cloak (worn)
 y - a +0 helmet (worn)
Jewellery
 j - a +6 ring of dexterity (right hand)
 o - a ring of see invisible (left hand)
 H - an uncursed ring of protection from cold {unknown}
Wands
 h - a wand of enslavement (6)
 x - a wand of paralysis (14)
 C - a wand of polymorph (20)
Scrolls
 m - a scroll of blinking {unknown}
 p - 3 scrolls of teleportation
 q - 2 scrolls of enchant weapon
 r - a scroll of fog {unknown}
 z - 2 scrolls of fear {unknown}
 D - a scroll of amnesia {unknown}
 E - 2 scrolls of remove curse
 F - 3 scrolls of identify
 K - a scroll of magic mapping
Potions
 d - a potion of curing
 e - a potion of might
 f - 2 potions of cancellation {unknown}
 g - 6 potions of heal wounds
 k - 3 potions of stabbing
 l - a potion of berserk rage
 s - 2 potions of ambrosia
 t - a potion of lignification
 u - 2 potions of flight {unknown}
 A - a potion of mutation {unknown}
 B - a potion of degeneration {unknown}
 G - a potion of haste {unknown}
 I - 2 potions of invisibility {unknown}
 J - a potion of resistance {unknown}
 L - a potion of magic {unknown}


   Skills:
 + Level 7.9 Fighting
 + Level 4.2 Short Blades
 + Level 4.2 Long Blades
 + Level 6.3 Axes
 + Level 4.2 Maces & Flails
 + Level 4.2 Polearms
 + Level 4.2 Staves
 + Level 4.2 Slings
 + Level 4.2 Bows
 + Level 4.2 Crossbows
 + Level 4.2 Throwing
 + Level 7.9 Armour
 + Level 4.2 Dodging
 + Level 4.2 Stealth
 + Level 7.9 Shields
 + Level 4.2 Unarmed Combat
 + Level 4.2 Spellcasting
 + Level 3.4 Conjurations
 + Level 3.4 Hexes
 + Level 3.4 Summonings
 + Level 3.4 Necromancy
 + Level 3.4 Translocations
 + Level 3.4 Transmutations
 + Level 3.4 Fire Magic
 + Level 3.4 Ice Magic
 + Level 3.4 Air Magic
 + Level 3.4 Earth Magic
 + Level 3.4 Poison Magic
 + Level 4.6 Invocations
 + Level 4.2 Evocations


You had 16 spell levels left.
You didn't know any spells.
Your spell library contained the following spells:

 Spells                   Type           Power        Failure   Level
 Animate Skeleton         Necr           ##....       24%         1
 Apportation              Tloc           ##....       24%         1
 Corona                   Hex            ##.....      24%         1
 Summon Small Mammal      Summ           ##..         24%         1
 Ensorcelled Hibernation  Hex/Ice        ##....       36%         2
 Confusing Touch          Hex            ##......     58%         3
 Dazzling Flash           Conj/Hex       ##....       58%         3
 Tukima's Dance           Hex            ##......     58%         3


Dungeon Overview and Level Annotations

Branches:
Dungeon (8/15)             Temple (0/1) D:7           Sewer (visited)
   Lair: D:8-11

Altars:
Cheibriados
Kikubaaqudgha
Okawaru
Xom
Zin

Shops:
D:5 (

Annotations:
D:8 Gastronok


Innate Abilities, Weirdness & Mutations

Your experience applies equally to all skills.
You have very sharp teeth.
Your uncanny sense of smell can sniff out nearby items.


Message History

The river rat's corpse disappears in a puff of smoke!
Gastronok bites you!
* * * LOW HITPOINT WARNING * * *
You feel better.
You feel better.
Gastronok looks at you and mumbles some strange words.
You feel yourself slow down.
You slash Gastronok! You bite Gastronok.
Gastronok is almost dead.
You hit Gastronok.
Gastronok is almost dead.
You block Gastronok's attack.
You slash Gastronok!
Gastronok is almost dead.
Gastronok bites you.
* * * LOW HITPOINT WARNING * * *
You hit Gastronok.
Gastronok is almost dead.
Gastronok bites you!!
You die...

#######
#.....################
+...w@'........>....(.
#...†.##....#...###.#.
#.....##....#...# #...
##...###....#...# ##..
#...###....#...####..
......................
o......................
#####################..
#).


You could see Gastronok (swift).

Vanquished Creatures
  A hornet (D:7)
  A necrophage (D:5)
  A sky beast (D:6)
  2 ogres (D:7)
  3 big kobolds
  4 killer bees (D:7)
  A howler monkey (D:7)
  2 bullfrog zombies
  4 hounds
  5 jellies
  Crazy Yiuf (D:3)
  2 bullfrog skeletons (D:4)
  A centaur skeleton (D:7)
  3 orc priests
  3 orc wizards
  6 worker ants
  A hound zombie (D:4)
  A hound skeleton (D:7)
  A mummy (D:7)
  17 adders
  9 river rats
  2 shadow imps (D:7)
  A white imp (D:5)
  An ufetubus (D:5)
  An adder skeleton (D:5)
  4 worms
  2 dart slugs
  2 leopard geckos
  28 orcs
  6 bats
  5 giant cockroaches
  2 goblins
  8 hobgoblins
  4 iguanas
  18 jackals
  3 quokkas
  6 ball pythons
  20 frilled lizards
  27 kobolds
  A leopard gecko skeleton (D:4)
  A quokka skeleton (D:4)
  24 rats
235 creatures vanquished.

Notes
Turn   | Place    | Note
-------+----------+-------------------------------------------
     0 | D:1      | reriks the Gnoll Fighter began the quest for the Orb.
     0 | D:1      | Reached XP level 1. HP: 23/23 MP: 1/1
   139 | D:1      | Reached XP level 2. HP: 23/29 MP: 2/2
   440 | D:1      | Reached XP level 3. HP: 31/35 MP: 3/3
   797 | D:2      | Reached skill level 1 in Invocations
   902 | D:2      | Reached skill level 1 in Short Blades
   902 | D:2      | Reached skill level 1 in Long Blades
   902 | D:2      | Reached skill level 1 in Maces & Flails
   902 | D:2      | Reached skill level 1 in Polearms
   902 | D:2      | Reached skill level 1 in Staves
   902 | D:2      | Reached skill level 1 in Slings
   902 | D:2      | Reached skill level 1 in Bows
   902 | D:2      | Reached skill level 1 in Crossbows
   902 | D:2      | Reached skill level 1 in Throwing
   902 | D:2      | Reached skill level 1 in Dodging
   902 | D:2      | Reached skill level 1 in Stealth
   902 | D:2      | Reached skill level 1 in Unarmed Combat
   902 | D:2      | Reached skill level 1 in Spellcasting
   902 | D:2      | Reached skill level 1 in Evocations
   920 | D:2      | Reached XP level 4. HP: 41/41 MP: 5/5
  1229 | D:2      | Reached skill level 1 in Conjurations
  1229 | D:2      | Reached skill level 1 in Hexes
  1229 | D:2      | Reached skill level 1 in Summonings
  1229 | D:2      | Reached skill level 1 in Necromancy
  1229 | D:2      | Reached skill level 1 in Translocations
  1229 | D:2      | Reached skill level 1 in Transmutations
  1229 | D:2      | Reached skill level 1 in Fire Magic
  1229 | D:2      | Reached skill level 1 in Ice Magic
  1229 | D:2      | Reached skill level 1 in Air Magic
  1229 | D:2      | Reached skill level 1 in Earth Magic
  1229 | D:2      | Reached skill level 1 in Poison Magic
  1518 | D:2      | Reached XP level 5. HP: 45/47 MP: 5/7
  1549 | D:2      | Found a shimmering altar of Xom.
  2071 | D:3      | Reached XP level 6. HP: 53/53 MP: 8/8
  2142 | D:3      | Reached skill level 5 in Axes
  2248 | D:3      | Found a runed translucent door.
  2249 | D:3      | Noticed Crazy Yiuf
  2519 | D:3      | Found an ancient bone altar of Kikubaaqudgha.
  3044 | D:3      | Killed Crazy Yiuf
  3311 | D:3      | Reached XP level 7. HP: 21/59 MP: 10/10
  3757 | D:4      | Found a glowing drain.
  3837 | Sewer    | Entered a sewer
  4707 | D:4      | Reached XP level 8. HP: 49/67 MP: 12/12
  4859 | D:4      | Found an iron altar of Okawaru.
  5371 | D:5      | Entered Level 5 of the Dungeon
  5675 | D:5      | Found Yduqyreg's Antique Weapon Emporium.
  6141 | D:6      | Found a glowing silver altar of Zin.
  6489 | D:6      | Found a snail-covered altar of Cheibriados.
  6764 | D:6      | Became a worshipper of Cheibriados the Contemplative
  7098 | D:7      | Noticed a hornet
  7107 | D:7      | Killed a hornet
  7107 | D:7      | Reached XP level 9. HP: 20/73 MP: 14/14
  7443 | D:7      | Reached * piety under Cheibriados
  7496 | D:7      | Found a sand-covered staircase.
  8059 | D:7      | Found a staircase to the Ecumenical Temple.
  8276 | D:8      | Noticed Gastronok
  8303 | D:8      | Mangled by Gastronok

Illustrated notes

Levels and vault maps discovered:
D:1:      dpeg_arrival_tiny_h, layout_loops_ring, minivault_5, st_stairs_3,
          corexii_item_surrounded_by_moat
D:2:      layout_basic, dk_xom_monty_hall
D:3:      layout_basic, nicolae_overflow_crystal_walls, minmay_between,
          uniq_crazy_yiuf_cottage
D:4:      layout_cave_pools, portal_sewer_entry_b, okawaru_ov_weapons_minmay
D:5:      layout_rooms, serial_shops, shop, minmay_hedge_maze
D:6:      layout_loops_corners, lemuel_coloured_pillars_altar,
          lemuel_round_altar
D:7:      layout_basic, minmay_temple_entry_proselytizer,
          gup_ossuary_entry_pyramid, eino_jars
D:8:      minmay_the_grid_triangle_9x9_rhombus_full
          [minmay_the_grid_triangle_9x9_minimal,
          minmay_the_grid_triangle_9x9_impossible_snake,
          minmay_the_grid_triangle_9x9_odd_lines,
          minmay_the_grid_triangle_9x9_corrupted_corridor,
          minmay_the_grid_triangle_9x9_zippers_vertical,
          minmay_the_grid_triangle_9x9_limited_checkers,
          minmay_the_grid_triangle_9x9_from_above,
          minmay_the_grid_triangle_9x9_prize_top_heavy], layout_basic,
          lair_entry_dummy, nrook_loot_triangle, uniq_gastronok,
          uniq_prince_ribbit1, uniq_maggie

Skill      XL: |  1  2  3  4  5  6  7  8  9 |
---------------+----------------------------+-----
Invocations    | 1 2 3 4 |  4.6
Short Blades   | 1 2 3 4 |  4.2
Long Blades    | 1 2 3 4 |  4.2
Maces & Flails | 1 2 3 4 |  4.2
Polearms       | 1 2 3 4 |  4.2
Staves         | 1 2 3 4 |  4.2
Slings         | 1 2 3 4 |  4.2
Bows           | 1 2 3 4 |  4.2
Crossbows      | 1 2 3 4 |  4.2
Throwing       | 1 2 3 4 |  4.2
Dodging        | 1 2 3 4 |  4.2
Stealth        | 1 2 3 4 |  4.2
Unarmed Combat | 1 2 3 4 |  4.2
Spellcasting   | 1 2 3 4 |  4.2
Evocations     | 1 2 3 4 |  4.2
Conjurations   | 1 2 3 |  3.4
Hexes          | 1 2 3 |  3.4
Summonings     | 1 2 3 |  3.4
Necromancy     | 1 2 3 |  3.4
Translocations | 1 2 3 |  3.4
Transmutations | 1 2 3 |  3.4
Fire Magic     | 1 2 3 |  3.4
Ice Magic      | 1 2 3 |  3.4
Air Magic      | 1 2 3 |  3.4
Earth Magic    | 1 2 3 |  3.4
Poison Magic   | 1 2 3 |  3.4
Axes           | 5 6 |  6.3
Fighting       | 7 |  7.9
Armour         | 7 |  7.9
Shields        | 7 |  7.9

Action                   |  1- 3 |  4- 6 |  7- 9 || total
-------------------------+-------+-------+-------++-------
Melee: War axe           |    82 |   144 |   256 ||   482
       Bite              |    10 |    28 |    69 ||   107
       Unarmed           |       |    30 |   183 ||   213
Throw: Boomerang         |       |       |     5 ||     5
Evoke: Wand              |       |       |     3 ||     3
  Use: Scroll            |       |     9 |     2 ||    11
       Potion            |       |     2 |    10 ||    12
 Stab: Sleeping          |       |       |     2 ||     2
       Paralysed         |       |       |     6 ||     6
Armor: Scale mail        |    35 |    63 |   217 ||   315
Dodge: Dodged            |    26 |    58 |   223 ||   307
Block: Kite shield       |    67 |   106 |   355 ||   528

Table legend: (Time is in decaauts)
 A = Elapsed time spent in this place.
 B = Non-inter-level travel time spent in this place.
 C = Inter-level travel time spent in this place.
 D = Time resting spent in this place.
 E = Time spent auto-exploring this place.
 F = Levels seen in this place.
 G = Mean time per level.
                   A        B        C        D        E       F      G
               +--------+--------+--------+--------+--------+-----+--------+
         Total |   8746 |   8382 |    364 |   1603 |   5220 |   9 |  971.8 |
       Dungeon |   7864 |   7500 |    364 |   1314 |   4882 |   8 |  983.0 |
         Sewer |    881 |    881 |      0 |    289 |    338 |   1 |  881.0 |
               +--------+--------+--------+--------+--------+-----+--------+

Top non-repeatable levels by time:
     D:3: 1789 daAuts
     D:7: 1583 daAuts
     D:4: 1024 daAuts
     D:2: 983 daAuts
     D:6: 892 daAuts
   Sewer: 881 daAuts
     D:1: 807 daAuts
     D:5: 713 daAuts
     D:8: 70 daAuts
